 Dungeon Crawl Stone Soup version 0.21-a0-552-g593960d (webtiles) character file.

8185 tidbits the Martial Artist (level 11, -2/74 HPs)
             Began as a Gnoll Transmuter on Dec 17, 2017.
             Was a High Priest of Cheibriados.
             Slain by a troll (11 damage)
             ... on level 2 of the Orcish Mines.
             The game lasted 00:45:23 (3324 turns).

tidbits the Martial Artist (Gnoll Transmuter)       Turns: 3324, Time: 00:45:24

Health: -2/74      AC:  2    Str: 26    XL:     11   Next: 26%
Magic:  11/22      EV: 32    Int: 32    God:    Cheibriados [*****.]
Gold:   525        SH:  0    Dex: 34    Spells: 7/25 levels left

rFire    . . .     SeeInvis .     - Unarmed
rCold    . . .     Gourm    .   (shield currently unavailable)
rNeg     . . .     Faith    .   (armour currently unavailable)
rPois    x         Spirit   .   (helmet currently unavailable)
rElec    .         Reflect  .   (cloak currently unavailable)
rCorr    .         Harm     .   (gloves currently unavailable)
MR       +....                  (boots currently unavailable)
Stlth    ++++......             (no amulet)
HPRegen  0.22/turn              I - ring of protection from magic
MPRegen  0.18/turn              (no ring)

@: spider-form, very slow
A: tiny, distributed training, blurry vision 2, deterioration 1, dopey 1, frail
1, strong nose
a: End Transformation, Bend Time, Temporal Distortion, Slouch, Step From Time,
Renounce Religion


You were on level 2 of the Orcish Mines.
You worshipped Cheibriados.
Cheibriados was extremely pleased with you.
You were hungry.
You were a venomous arachnid creature.
You visited 3 branches of the dungeon, and saw 15 of its levels.

You collected 525 gold pieces.

Inventory:

Hand Weapons
 h - a +1 falchion of flaming
   (You took it off an orc on level 7 of the Dungeon)
 j - a +2 quarterstaff of draining (melded)
   (You found it on level 6 of the Dungeon)
 l - a cursed +0 short sword
 n - a +0 hunting sling
 r - a +2 flail of venom
   (You took it off an orc on level 7 of the Dungeon)
 t - a +0 trident
 u - a +0 war axe
 G - a +0 mace of holy wrath
   (You took it off an orc on level 8 of the Dungeon)
Missiles
 a - 196 arrows
 f - 126 stones (quivered)
 k - 57 sling bullets
 s - 4 exploding tomahawks
 w - 7 curare-tipped needles
 x - 8 tomahawks
 R - 2 throwing nets {!f}
Armour
 b - a +0 robe (melded)
 B - a +0 shield
 C - a +1 cloak (melded)
 E - a +2 helmet (melded)
 L - a +0 leather armour of positive energy
   (You took it off an orc on level 9 of the Dungeon)
Jewellery
 I - a ring of protection from magic (left front leg)
   (You found it on level 9 of the Dungeon)
Wands
 y - a wand of enslavement (14)
 F - a wand of acid (4)
 H - a wand of flame (23)
 Q - a wand of disintegration (6)
Scrolls
 e - 2 scrolls of blinking
 g - 3 scrolls of teleportation
 i - 3 scrolls of identify
 m - 4 scrolls of fog
 M - a scroll of random uselessness
 N - 6 scrolls of remove curse
Potions
 q - 2 potions of brilliance
 A - a potion of haste
 J - a potion of cancellation
 K - 2 potions of lignification
 P - a potion of mutation {unknown}
Books
 c - a book of Changes

   Spells                             Type                      Level
   a - Beastly Appendage              Transmutation                1
   b - Sticks to Snakes               Transmutation                2
   c - Spider Form                    Transmutation/Poison         3
   d - Ice Form                       Ice/Transmutation            4
   e - Blade Hands                    Transmutation                5
 o - a book of Misfortune
   (You found it on level 2 of the Dungeon)

   Spells                             Type                      Level
   a - Confusing Touch                Hexes                        1
   b - Confuse                        Hexes                        3
   c - Gell's Gravitas                Translocation                3
   d - Petrify                        Transmutation/Earth          4
   e - Metabolic Englaciation         Hexes/Ice                    5
   f - Yara's Violent Unravelling     Hexes/Transmutation          5
 v - a book of Callings
   (You found it on level 6 of the Dungeon)

   Spells                             Type                      Level
   a - Summon Small Mammal            Summoning                    1
   b - Call Imp                       Summoning                    2
   c - Call Canine Familiar           Summoning                    3
   d - Summon Guardian Golem          Hexes/Summoning              3
   e - Summon Lightning Spire         Summoning/Air                4
   f - Summon Ice Beast               Ice/Summoning                4
Miscellaneous
 p - a lightning rod (4/4)
 O - a box of beasts
Comestibles
 d - 6 bread rations
 z - 3 meat rations


   Skills:
 + Level 6.6 Fighting
 + Level 6.0 Short Blades
 + Level 6.0 Long Blades
 + Level 6.0 Axes
 + Level 6.0 Maces & Flails
 + Level 6.0 Polearms
 + Level 6.0 Staves
 + Level 6.0 Slings
 + Level 6.0 Bows
 + Level 6.0 Crossbows
 + Level 6.0 Throwing
 + Level 6.0 Armour
 + Level 7.6 Dodging
 + Level 6.0 Stealth
 + Level 6.0 Shields
 + Level 9.0 Unarmed Combat
 + Level 7.9 Spellcasting
 + Level 5.0 Conjurations
 + Level 5.0 Hexes
 + Level 5.0 Charms
 + Level 5.0 Summonings
 + Level 5.0 Necromancy
 + Level 5.0 Translocations
 + Level 6.3 Transmutations
 + Level 5.0 Fire Magic
 + Level 5.0 Ice Magic
 + Level 5.0 Air Magic
 + Level 5.0 Earth Magic
 + Level 5.0 Poison Magic
 + Level 6.6 Invocations
 + Level 6.0 Evocations


You had 7 spell levels left.
You knew the following spells:

 Your Spells              Type           Power        Failure   Level  Hunger
c - Confuse               Hex            #####...     6%          3    None
e - Beastly Appendage     Tmut           ######       2%          1    None
i - Ice Form              Ice/Tmut       #####...     12%         4    None
k - Sticks to Snakes      Tmut           ######..     3%          2    None
p - Spider Form           Tmut/Pois      #####.....   5%          3    None
t - Confusing Touch       Hex            #####.       3%          1    None
L - Summon Lightning Spi  Summ/Air       #####...     14%         4    None


Dungeon Overview and Level Annotations

Branches:
Dungeon (12/15)              Lair (1/6) D:10            Orc (2/2) D:12
    Elf (0/3) Orc:2
 Temple: D:4-7

Altars:
Cheibriados
Dithmenos
Hepliaklqana
Kikubaaqudgha
Qazlal
Ru
Beogh

Annotations:
D:10 Joseph


Innate Abilities, Weirdness & Mutations

Your experience applies equally to all skills.
((You have very sharp teeth.))
Your uncanny sense of smell can sniff out nearby items.
Scrolls take you longer to read.
Your body sometimes deteriorates upon taking damage.
You are dopey. (Int -2)
You are frail. (-10% HP)


Message History

Found 24 gold pieces.
There is a stone staircase leading up here.
Unknown command.
Casting: Spider Form
Confirm with . or Enter, or press ? or * to list all spells.
Aiming: Summon Lightning Spire
Press: ? - help, Dir - move target cursor An electric hum fills the air.
The orc priest shouts!
The orc warrior shouts!
The orc shouts! x2
An orc wizard comes into view. It is wielding a dagger.
Casting: Summon Lightning Spire
Confirm with . or Enter, or press ? or * to list all spells.
You turn into a venomous arachnid creature.
Your +2 quarterstaff of draining melds into your body.
Your +1 cloak melds into your body.
Your +2 helmet melds into your body.
Your +0 robe melds into your body.
The orc hits you with a hand axe.
Your lightning spire shoots out a bolt of lightning at the orc!
The bolt of electricity hits the orc.
The orc dies!
Cheibriados appreciates the change of pace.
Cheibriados raises the support of your attributes as your movement slows.
The bolt of electricity hits your lightning spire.
Your lightning spire completely resists.
You bite the orc wizard!
The orc wizard looks as sick as possible!
The orc wizard is severely wounded.
The orc wizard points at you and mumbles some strange words.
The puff of flame hits you! The orc completely misses you.
You maul the orc wizard!!
You kill the orc wizard!
Cheibriados thoroughly appreciates the change of pace.
Your lightning spire shoots out a bolt of lightning at the orc!
The bolt of electricity hits the orc.
The orc dies!
Cheibriados thoroughly appreciates the change of pace.
The bolt of electricity hits the orc.
The orc dies!
Cheibriados thoroughly appreciates the change of pace.
The bolt of electricity hits the orc warrior.
You bite the orc wizard!
The orc wizard is heavily wounded.
The orc wizard closely misses you.
The orc wizard casts a spell.
The orc wizard flickers and vanishes!
A troll comes into view.
You hit the orc warrior.
The orc warrior is poisoned.
The orc warrior is lightly wounded.
The orc warrior closely misses you.
The orc warrior hits your lightning spire but does no damage.
The troll moves out of view.
Your lightning spire shoots out a bolt of lightning at the orc wizard!
The bolt of electricity hits the orc wizard.
The orc wizard dies!
Cheibriados thoroughly appreciates the change of pace.
An orc comes into view. It is wielding a club.
You hit the orc priest.
The orc priest is poisoned.
The orc priest is moderately wounded.
The orc priest completely misses you.
The orc priest hits your lightning spire but does no damage.
The orc warrior misses you.
The orc warrior barely misses your lightning spire.
The orc barely misses your lightning spire.
The orc warrior closely misses you.
You barely miss the orc priest.
The orc priest is moderately wounded.
The orc priest calls down the wrath of Beogh upon you.
You easily resist.
The orc warrior hits you with a hand axe of electrocution!
The orc warrior hits your lightning spire but does no damage.
The orc hits your lightning spire but does no damage.
Your lightning spire shoots out a bolt of lightning at the orc!
The bolt of electricity hits the orc.
The orc dies!
Cheibriados thoroughly appreciates the change of pace.
You bite the orc priest!
You kill the orc priest!
Cheibriados appreciates the change of pace.
The orc warrior closely misses you.
The orc warrior hits you with a hand axe of electrocution.
You are electrocuted!
* * * LOW HITPOINT WARNING * * *
The orc warrior hits your lightning spire but does no damage.
You bite the orc warrior!
The orc warrior looks even sicker.
The orc warrior is severely wounded.
The orc warrior hits you with a mace!
* * * LOW HITPOINT WARNING * * *
You hit the orc warrior but do no damage.
The orc warrior looks as sick as possible!
The orc warrior is severely wounded.
The orc warrior misses you.
The orc warrior hits your lightning spire but does no damage.
The orc warrior completely misses you.
Okay, then.
You bite the orc warrior!
The orc warrior looks as sick as possible!
The orc warrior is almost dead.
You kill the orc warrior!
Cheibriados thoroughly appreciates the change of pace.
The troll bites you!
You die...

#........
..$.#..........
..............
#........###..
###......$## .
.###..........#
.........8....#.
......)))T).....
.....).os#
......#..# .....
#### ###. ∆ #. #


You could see a troll, an orc warrior and a friendly lightning spire.

Vanquished Creatures
  2 unseen horrors
  Psyche (D:8)
  2 black mambas (Lair:1)
  A kobold demonologist (D:12)
  A troll (D:9)
  A hornet (D:10)
  Prince Ribbit (D:9)
  3 hippogriffs
  A centaur simulacrum (D:11)
  2 yaks (D:11)
  A wyvern (D:10)
  3 wargs (D:10)
  4 orc warriors
  A porcupine (Lair:1)
  2 sky beasts
  A phantom (D:7)
  An ogre (D:11)
  5 centaurs
  A wolf (Lair:1)
  2 crocodiles (Lair:1)
  A bullfrog (D:11)
  A scorpion (D:10)
  3 killer bees (D:7)
  A howler monkey (D:11)
  4 crimson imps
  3 hounds
  3 orc priests
  6 orc wizards
  3 bullfrog skeletons
  A centaur skeleton (D:5)
  3 iguanas
  5 worker ants
  A killer bee zombie (D:10)
  A hound zombie (D:10)
  A hound skeleton (D:8)
  A worker ant zombie (D:9)
  5 gnolls
  8 adders
  A shadow imp (D:5)
  A white imp (D:11)
  2 oozes (D:2)
  An adder skeleton (D:9)
  2 dart slugs
  30 orcs
  A ball python (D:1)
  A bat (D:2)
  4 giant cockroaches
  A goblin (D:1)
  2 hobgoblins
  5 quokkas
  2 kobolds
  A quokka skeleton (D:6)
  5 rats
146 creatures vanquished.

Vanquished Creatures (collateral kills)
  A centaur zombie (D:12)
  A kobold demonologist (D:12)
  A wyvern (D:11)
  A yak (D:11)
  A hungry ghost (D:10)
  A porcupine (Lair:1)
  An orc warrior (D:12)
  A wolf (Lair:1)
  3 ogres
  A centaur (D:11)
  2 bullfrogs
  2 big kobolds
  A scorpion (D:7)
  2 killer bees (D:7)
  A howler monkey (D:12)
  A crimson imp (D:9)
  A quasit (D:8)
  3 hounds
  3 orc priests
  A bullfrog skeleton (D:9)
  A centaur skeleton (D:5)
  A gnoll shaman (D:7)
  6 orc wizards
  3 worker ants
  A bullfrog simulacrum (D:11)
  A hound zombie (D:5)
  4 gnolls
  An adder (D:10)
  An ufetubus (D:11)
  2 adder zombies
  28 orcs
  A giant cockroach (D:5)
  A jackal zombie (D:5)
  7 kobolds
  A quokka skeleton (D:7)
88 creatures vanquished.

Grand Total: 234 creatures vanquished

Notes
Turn   | Place    | Note
-------+----------+-------------------------------------------
     0 | D:1      | tidbits the Gnoll Transmuter began the quest for the Orb.
     0 | D:1      | Reached XP level 1. HP: 17/17 MP: 6/6
   126 | D:2      | Found a snail-covered altar of Cheibriados.
   128 | D:2      | Found a stormy altar of Qazlal.
   128 | D:2      | Found a sacrificial altar of Ru.
   135 | D:2      | Became a worshipper of Cheibriados the Contemplative
   177 | D:1      | Reached XP level 2. HP: 23/23 MP: 7/7
   184 | D:1      | Learned a level 2 spell: Sticks to Snakes
   274 | D:2      | Reached XP level 3. HP: 28/28 MP: 7/9
   279 | D:2      | Learned a level 3 spell: Spider Form
   289 | D:2      | Reached skill level 5 in Spellcasting
   425 | D:2      | Reached skill level 1 in Invocations
   461 | D:2      | Learned a level 1 spell: Confusing Touch
   484 | D:3      | Reached skill level 1 in Short Blades
   484 | D:3      | Reached skill level 1 in Long Blades
   484 | D:3      | Reached skill level 1 in Axes
   484 | D:3      | Reached skill level 1 in Maces & Flails
   484 | D:3      | Reached skill level 1 in Polearms
   484 | D:3      | Reached skill level 1 in Staves
   484 | D:3      | Reached skill level 1 in Slings
   484 | D:3      | Reached skill level 1 in Bows
   484 | D:3      | Reached skill level 1 in Crossbows
   484 | D:3      | Reached skill level 1 in Throwing
   484 | D:3      | Reached skill level 1 in Armour
   484 | D:3      | Reached skill level 1 in Stealth
   484 | D:3      | Reached skill level 1 in Shields
   484 | D:3      | Reached skill level 1 in Evocations
   484 | D:3      | Reached XP level 4. HP: 31/34 MP: 7/11
   566 | D:3      | Reached * piety under Cheibriados
   587 | D:4      | Noticed an ogre
   600 | D:4      | Killed an ogre
   600 | D:4      | Reached skill level 1 in Conjurations
   600 | D:4      | Reached skill level 1 in Hexes
   600 | D:4      | Reached skill level 1 in Charms
   600 | D:4      | Reached skill level 1 in Summonings
   600 | D:4      | Reached skill level 1 in Necromancy
   600 | D:4      | Reached skill level 1 in Translocations
   600 | D:4      | Reached skill level 1 in Fire Magic
   600 | D:4      | Reached skill level 1 in Ice Magic
   600 | D:4      | Reached skill level 1 in Air Magic
   600 | D:4      | Reached skill level 1 in Earth Magic
   600 | D:4      | Reached skill level 1 in Poison Magic
   600 | D:4      | Reached XP level 5. HP: 40/40 MP: 3/12
   620 | D:5      | Entered Level 5 of the Dungeon
   669 | D:5      | Reached skill level 3 in Fighting
   683 | D:5      | Reached skill level 4 in Transmutations
   734 | D:5      | Reached skill level 2 in Invocations
   734 | D:5      | Reached XP level 6. HP: 40/47 MP: 5/13
   855 | D:6      | Learned a level 4 spell: Summon Lightning Spire
   859 | D:6      | Learned a level 3 spell: Confuse
   882 | D:6      | Noticed a sky beast
   896 | D:6      | Killed a sky beast
   896 | D:6      | Reached skill level 2 in Short Blades
   896 | D:6      | Reached skill level 2 in Long Blades
   896 | D:6      | Reached skill level 2 in Axes
   896 | D:6      | Reached skill level 2 in Maces & Flails
   896 | D:6      | Reached skill level 2 in Polearms
   896 | D:6      | Reached skill level 2 in Staves
   896 | D:6      | Reached skill level 2 in Slings
   896 | D:6      | Reached skill level 2 in Bows
   896 | D:6      | Reached skill level 2 in Crossbows
   896 | D:6      | Reached skill level 2 in Throwing
   896 | D:6      | Reached skill level 2 in Armour
   896 | D:6      | Reached skill level 5 in Dodging
   896 | D:6      | Reached skill level 2 in Stealth
   896 | D:6      | Reached skill level 2 in Shields
   896 | D:6      | Reached skill level 2 in Evocations
   901 | D:6      | Gained mutation: You are dopey. (Int -2) [mutagenic meat]
   902 | D:6      | Gained mutation: You are frail. (-10% HP) [mutagenic meat]
   929 | D:7      | Noticed a phantom
   939 | D:7      | Reached ** piety under Cheibriados
   969 | D:7      | Reached XP level 7. HP: 38/46 MP: 9/15
   972 | D:7      | Reached skill level 7 in Unarmed Combat
   976 | D:7      | Reached skill level 2 in Conjurations
   976 | D:7      | Reached skill level 2 in Hexes
   976 | D:7      | Reached skill level 2 in Charms
   976 | D:7      | Reached skill level 2 in Summonings
   976 | D:7      | Reached skill level 2 in Necromancy
   976 | D:7      | Reached skill level 2 in Translocations
   976 | D:7      | Reached skill level 2 in Fire Magic
   976 | D:7      | Reached skill level 2 in Ice Magic
   976 | D:7      | Reached skill level 2 in Air Magic
   976 | D:7      | Reached skill level 2 in Earth Magic
   976 | D:7      | Reached skill level 2 in Poison Magic
  1003 | D:7      | Reached skill level 3 in Invocations
  1016 | D:7      | Reached XP level 8. HP: 30/54 MP: 5/16
  1017 | D:7      | Reached *** piety under Cheibriados
  1027 | D:7      | Reached skill level 4 in Fighting
  1036 | D:7      | Reached skill level 3 in Short Blades
  1036 | D:7      | Reached skill level 3 in Long Blades
  1036 | D:7      | Reached skill level 3 in Axes
  1036 | D:7      | Reached skill level 3 in Maces & Flails
  1036 | D:7      | Reached skill level 3 in Polearms
  1036 | D:7      | Reached skill level 3 in Staves
  1036 | D:7      | Reached skill level 3 in Slings
  1036 | D:7      | Reached skill level 3 in Bows
  1036 | D:7      | Reached skill level 3 in Crossbows
  1036 | D:7      | Reached skill level 3 in Throwing
  1036 | D:7      | Reached skill level 3 in Armour
  1036 | D:7      | Reached skill level 3 in Stealth
  1036 | D:7      | Reached skill level 3 in Shields
  1036 | D:7      | Reached skill level 3 in Evocations
  1091 | D:8      | Gained mutation: Your body sometimes deteriorates upon taking damage. [mutagenic meat]
  1092 | D:8      | Gained mutation: Scrolls take you a little longer to read. [mutagenic meat]
  1093 | D:8      | Gained mutation: Scrolls take you longer to read. [mutagenic meat]
  1152 | D:8      | Noticed Psyche
  1166 | D:8      | Killed Psyche
  1166 | D:8      | Reached skill level 6 in Spellcasting
  1473 | D:8      | Reached **** piety under Cheibriados
  1473 | D:8      | Reached skill level 3 in Conjurations
  1473 | D:8      | Reached skill level 3 in Hexes
  1473 | D:8      | Reached skill level 3 in Charms
  1473 | D:8      | Reached skill level 3 in Summonings
  1473 | D:8      | Reached skill level 3 in Necromancy
  1473 | D:8      | Reached skill level 3 in Translocations
  1473 | D:8      | Reached skill level 3 in Fire Magic
  1473 | D:8      | Reached skill level 3 in Ice Magic
  1473 | D:8      | Reached skill level 3 in Air Magic
  1473 | D:8      | Reached skill level 3 in Earth Magic
  1473 | D:8      | Reached skill level 3 in Poison Magic
  1473 | D:8      | Reached skill level 4 in Invocations
  1510 | D:8      | Reached XP level 9. HP: 59/59 MP: 9/18
  1521 | D:8      | Reached skill level 6 in Dodging
  1605 | D:8      | Reached skill level 5 in Transmutations
  1641 | D:8      | Noticed a hornet
  1644 | D:9      | Noticed Prince Ribbit
  1652 | D:9      | Killed Prince Ribbit
  1652 | D:9      | Reached skill level 4 in Short Blades
  1652 | D:9      | Reached skill level 4 in Long Blades
  1652 | D:9      | Reached skill level 4 in Axes
  1652 | D:9      | Reached skill level 4 in Maces & Flails
  1652 | D:9      | Reached skill level 4 in Polearms
  1652 | D:9      | Reached skill level 4 in Staves
  1652 | D:9      | Reached skill level 4 in Slings
  1652 | D:9      | Reached skill level 4 in Bows
  1652 | D:9      | Reached skill level 4 in Crossbows
  1652 | D:9      | Reached skill level 4 in Throwing
  1652 | D:9      | Reached skill level 4 in Armour
  1652 | D:9      | Reached skill level 4 in Stealth
  1652 | D:9      | Reached skill level 4 in Shields
  1652 | D:9      | Reached skill level 4 in Evocations
  1833 | D:10     | Entered Level 10 of the Dungeon
  1901 | D:10     | Reached skill level 5 in Fighting
  2002 | D:11     | Learned a level 4 spell: Ice Form
  2013 | D:11     | Reached skill level 8 in Unarmed Combat
  2039 | D:11     | HP: 3/61 [wyvern simulacrum (12)]
  2052 | D:10     | Noticed a hornet
  2094 | D:10     | Reached ***** piety under Cheibriados
  2095 | D:10     | Reached skill level 5 in Invocations
  2136 | D:10     | Killed a hornet
  2164 | D:10     | Noticed Joseph
  2295 | D:10     | Reached XP level 10. HP: 66/66 MP: 13/20
  2332 | D:10     | Reached skill level 7 in Spellcasting
  2334 | D:10     | Killed an unseen horror
  2334 | D:10     | Reached skill level 4 in Conjurations
  2334 | D:10     | Reached skill level 4 in Hexes
  2334 | D:10     | Reached skill level 4 in Charms
  2334 | D:10     | Reached skill level 4 in Summonings
  2334 | D:10     | Reached skill level 4 in Necromancy
  2334 | D:10     | Reached skill level 4 in Translocations
  2334 | D:10     | Reached skill level 4 in Fire Magic
  2334 | D:10     | Reached skill level 4 in Ice Magic
  2334 | D:10     | Reached skill level 4 in Air Magic
  2334 | D:10     | Reached skill level 4 in Earth Magic
  2334 | D:10     | Reached skill level 4 in Poison Magic
  2336 | D:10     | Reached skill level 5 in Short Blades
  2336 | D:10     | Reached skill level 5 in Long Blades
  2336 | D:10     | Reached skill level 5 in Axes
  2336 | D:10     | Reached skill level 5 in Maces & Flails
  2336 | D:10     | Reached skill level 5 in Polearms
  2336 | D:10     | Reached skill level 5 in Staves
  2336 | D:10     | Reached skill level 5 in Slings
  2336 | D:10     | Reached skill level 5 in Bows
  2336 | D:10     | Reached skill level 5 in Crossbows
  2336 | D:10     | Reached skill level 5 in Throwing
  2336 | D:10     | Reached skill level 5 in Armour
  2336 | D:10     | Reached skill level 5 in Stealth
  2336 | D:10     | Reached skill level 5 in Shields
  2336 | D:10     | Reached skill level 5 in Evocations
  2362 | D:10     | Found a staircase to the Lair.
  2427 | D:9      | Reached skill level 7 in Dodging
  2483 | D:9      | Found a hazy altar of Hepliaklqana.
  2500 | D:9      | Found an ancient bone altar of Kikubaaqudgha.
  2550 | Lair:1   | Entered Level 1 of the Lair of Beasts
  2613 | D:9      | Killed an unseen horror
  2613 | D:9      | Reached skill level 6 in Fighting
  2817 | Lair:1   | Noticed a black mamba
  2828 | Lair:1   | Killed a black mamba
  2828 | Lair:1   | Reached skill level 6 in Transmutations
  2828 | Lair:1   | Reached skill level 6 in Invocations
  2876 | Lair:1   | Noticed a black mamba
  2883 | Lair:1   | HP: 5/68 [black mamba (18)]
  2885 | Lair:1   | Killed a black mamba
  3025 | D:11     | Found a shadowy altar of Dithmenos.
  3035 | D:11     | Reached XP level 11. HP: 44/73 MP: 15/22
  3257 | D:12     | Reached skill level 6 in Short Blades
  3257 | D:12     | Reached skill level 6 in Long Blades
  3257 | D:12     | Reached skill level 6 in Axes
  3257 | D:12     | Reached skill level 6 in Maces & Flails
  3257 | D:12     | Reached skill level 6 in Polearms
  3257 | D:12     | Reached skill level 6 in Staves
  3257 | D:12     | Reached skill level 6 in Slings
  3257 | D:12     | Reached skill level 6 in Bows
  3257 | D:12     | Reached skill level 6 in Crossbows
  3257 | D:12     | Reached skill level 6 in Throwing
  3257 | D:12     | Reached skill level 6 in Armour
  3257 | D:12     | Reached skill level 6 in Stealth
  3257 | D:12     | Reached skill level 6 in Shields
  3257 | D:12     | Reached skill level 9 in Unarmed Combat
  3257 | D:12     | Reached skill level 6 in Evocations
  3259 | D:12     | Found a roughly hewn altar of Beogh.
  3259 | D:12     | Found a staircase to the Orcish Mines.
  3276 | D:12     | Reached skill level 5 in Conjurations
  3276 | D:12     | Reached skill level 5 in Hexes
  3276 | D:12     | Reached skill level 5 in Charms
  3276 | D:12     | Reached skill level 5 in Summonings
  3276 | D:12     | Reached skill level 5 in Necromancy
  3276 | D:12     | Reached skill level 5 in Translocations
  3276 | D:12     | Reached skill level 5 in Fire Magic
  3276 | D:12     | Reached skill level 5 in Ice Magic
  3276 | D:12     | Reached skill level 5 in Air Magic
  3276 | D:12     | Reached skill level 5 in Earth Magic
  3276 | D:12     | Reached skill level 5 in Poison Magic
  3290 | Orc:1    | Entered Level 1 of the Orcish Mines
  3302 | Orc:2    | Entered Level 2 of the Orcish Mines
  3302 | Orc:2    | Found a staircase to the Elven Halls.
  3324 | Orc:2    | Slain by a troll

Vault maps used:
D:1:      dpeg_arrival_solitude
D:2:      grunt_temple_overflow_open, minivault_23, trog_book
D:3:      nicolae_overflow_crystal_walls, first_bread, uniq_sigmund
D:4:      temple_doors_e, uniq_pikel
D:5:      grunt_temple_overflow_champion_of_chaos, kennysheep_mini,
          zin_scriptorium, serial_undead, serial_undead_d, serial_undead_e,
          serial_undead_b, serial_undead_a, serial_undead_c, serial_undead_e,
          minmay_misc_feat_nine_boxes
D:6:      minmay_fountain_box
D:8:      nicolae_ossuary_entry_false_entrances, uniq_psyche
D:9:      gammafunk_temple_overflow_pools, uniq_prince_ribbit1
D:10:     erik_lair_orcish_takeover, uniq_joseph
D:11:     serial_ice, serial_ice_o, serial_ice_a, serial_ice_k, serial_ice_h,
          grunt_ogre_cave, nicolae_dithmenos_the_darkroom
D:12:     david_orc_5, serial_shops, shop, nicolae_sextant
Lair:1:   minmay_holes, beast_lair_carwin_5, minmay_lair_oklob_chamber,
          grunt_megastairs_1
Orc:1:    basic_altar, roderic_batcave, bloody_makhleb
Orc:2:    st_orc_ogre_mass, nicolae_orc_stony_grotto

Skill      XL: |  1  2  3  4  5  6  7  8  9 10 11 |
---------------+----------------------------------+-----
Spellcasting   | 5 6 7 |  7.9
Invocations    | 1 2 3 4 5 6 |  6.6
Short Blades   | 1 2 3 4 5 6 |  6.0
Long Blades    | 1 2 3 4 5 6 |  6.0
Axes           | 1 2 3 4 5 6 |  6.0
Maces & Flails | 1 2 3 4 5 6 |  6.0
Polearms       | 1 2 3 4 5 6 |  6.0
Staves         | 1 2 3 4 5 6 |  6.0
Slings         | 1 2 3 4 5 6 |  6.0
Bows           | 1 2 3 4 5 6 |  6.0
Crossbows      | 1 2 3 4 5 6 |  6.0
Throwing       | 1 2 3 4 5 6 |  6.0
Armour         | 1 2 3 4 5 6 |  6.0
Stealth        | 1 2 3 4 5 6 |  6.0
Shields        | 1 2 3 4 5 6 |  6.0
Evocations     | 1 2 3 4 5 6 |  6.0
Conjurations   | 1 2 3 4 5 |  5.0
Hexes          | 1 2 3 4 5 |  5.0
Charms         | 1 2 3 4 5 |  5.0
Summonings     | 1 2 3 4 5 |  5.0
Necromancy     | 1 2 3 4 5 |  5.0
Translocations | 1 2 3 4 5 |  5.0
Fire Magic     | 1 2 3 4 5 |  5.0
Ice Magic      | 1 2 3 4 5 |  5.0
Air Magic      | 1 2 3 4 5 |  5.0
Earth Magic    | 1 2 3 4 5 |  5.0
Poison Magic   | 1 2 3 4 5 |  5.0
Fighting       | 3 4 5 6 |  6.6
Transmutations | 4 5 6 |  6.3
Dodging        | 5 6 7 |  7.6
Unarmed Combat | 7 8 9 |  9.0

Action                   |  1- 3 |  4- 6 |  7- 9 | 10-12 || total
-------------------------+-------+-------+-------+-------++-------
Melee: Unarmed           |    37 |    69 |   160 |   145 ||   411
       Headbutt          |     1 |       |       |       ||     1
       Kick              |     4 |       |       |       ||     4
       Punch             |     1 |       |       |       ||     1
       Hand axe          |       |       |     2 |       ||     2
       Quarterstaff      |       |       |     3 |     5 ||     8
       Bite              |       |       |     1 |     1 ||     2
Throw: Stone             |       |     1 |     1 |       ||     2
 Cast: Beastly Appendage |     9 |       |       |       ||     9
       Sticks to Snakes  |     2 |     8 |     5 |       ||    15
       Spider Form       |     2 |    12 |    34 |    21 ||    69
       Summon Lightning  |       |     1 |    21 |    17 ||    39
       Ice Form          |       |       |     1 |       ||     1
Invok: Bend Time         |       |       |     1 |       ||     1
       Slouch            |       |       |       |     3 ||     3
 Abil: End Transformatio |       |       |    10 |     7 ||    17
Evoke: Wand              |       |       |     3 |       ||     3
  Use: Scroll            |     1 |     5 |     4 |     4 ||    14
       Potion            |       |     2 |     7 |     2 ||    11
 Stab: Sleeping          |     2 |     2 |     4 |     2 ||    10
       Invisible         |       |       |    10 |       ||    10
       Distracted        |       |       |     3 |     6 ||     9
  Eat: Royal jelly       |       |     1 |       |       ||     1
       Chunk             |       |     2 |     7 |     3 ||    12
Armor: Robe              |     7 |       |     4 |     4 ||    15
       Skin              |       |     2 |     3 |     3 ||     8
Dodge: Dodged            |    28 |    58 |   185 |   233 ||   504

Table legend:
 A = Spawn XP
 B = Non-spawn XP
 C = Spawn XP percentage of total XP
 D = Spawn monster count
 E = Non-spawn monster count
 F = Spawn count percentage of total count
 G = Total turns spent on level
                    A         B        C        D         E        F      G
               +---------+---------+-------+---------+---------+-------+---------
         Total |       0 |   11693 |   0.0 |       0 |     234 |   0.0 |  3324
               +---------+---------+-------+---------+---------+-------+---------
           D:1 |       0 |      11 |   0.0 |       0 |       6 |   0.0 |   180
           D:2 |       0 |      62 |   0.0 |       0 |      11 |   0.0 |   287
           D:3 |       0 |      45 |   0.0 |       0 |       6 |   0.0 |    92
           D:4 |       0 |      82 |   0.0 |       0 |       3 |   0.0 |    71
           D:5 |       0 |     311 |   0.0 |       0 |      20 |   0.0 |   225
           D:6 |       0 |     186 |   0.0 |       0 |       5 |   0.0 |   321
           D:7 |       0 |     894 |   0.0 |       0 |      34 |   0.0 |   166
           D:8 |       0 |    1080 |   0.0 |       0 |      15 |   0.0 |   324
           D:9 |       0 |    1981 |   0.0 |       0 |      40 |   0.0 |   561
          D:10 |       0 |    2153 |   0.0 |       0 |      25 |   0.0 |   455
          D:11 |       0 |    1612 |   0.0 |       0 |      20 |   0.0 |   359
          D:12 |       0 |    1566 |   0.0 |       0 |      32 |   0.0 |    99
        Lair:1 |       0 |    1451 |   0.0 |       0 |       9 |   0.0 |   150
         Orc:2 |       0 |     259 |   0.0 |       0 |       8 |   0.0 |    15
               +---------+---------+-------+---------+---------+-------+---------

Table legend:
 A = Turns spent in this place as a percentage of turns spent in the entire game.
 B = Non-inter-level travel turns spent in this place as a percentage of non-inter-level travel turns spent in the entire game.
 C = Inter-level travel turns spent in this place as a percentage of turns spent in this place.
 D = Turns resting spent in this place as a percentage of non-inter-level travel turns spent in this place.
 E = Turns spent auto-exploring this place as a percentage of non-inter-level travel turns spent in this place.
 F = Non-inter-level travel turns spent in this place divided by the number of levels of this place that you've seen.
                   A       B       C       D       E      F
               +-------+-------+-------+-------+-------+----------------------
         Total | 100.0 | 100.0 |   0.8 |   0.0 |   0.6 | 219.9
       Dungeon |  94.5 |  94.4 |   0.8 |   0.0 |   0.6 | 259.5
          Lair |   4.5 |   4.5 |   0.0 |   0.0 |   0.0 | 150.0
  Orcish Mines |   1.0 |   1.0 |   0.0 |   0.0 |   0.0 |  17.0
               +-------+-------+-------+-------+-------+----------------------

Table legend:
 A = Kills in this place as a percentage of kills in entire the game.
 B = Kills by you in this place as a percentage of kills by you in the entire game.
 C = Kills by friends in this place as a percentage of kills by friends in the entire game.
 D = Other kills in this place as a percentage of other kills in the entire game.
 E = Experience gained in this place as a percentage of experience gained in the entire game.
 F = Experience gained in this place divided by the number of levels of this place that you have seen.
                   A       B       C       D       E      F
               +-------+-------+-------+-------+-------+----------------------
         Total | 100.0 | 100.0 | 100.0 |   N/A | 100.0 | 779.5
       Dungeon |  92.7 |  93.2 |  92.0 |   N/A |  85.4 | 831.9
          Lair |   3.8 |   4.8 |   2.3 |   N/A |  12.4 | 1451.0
  Orcish Mines |   3.4 |   2.1 |   5.7 |   N/A |   2.2 | 129.5
               +-------+-------+-------+-------+-------+----------------------

Vault maps used:
D:1:      dpeg_arrival_solitude
D:2:      grunt_temple_overflow_open, minivault_23, trog_book
D:3:      nicolae_overflow_crystal_walls, first_bread, uniq_sigmund
D:4:      temple_doors_e, uniq_pikel
D:5:      grunt_temple_overflow_champion_of_chaos, kennysheep_mini,
          zin_scriptorium, serial_undead, serial_undead_d, serial_undead_e,
          serial_undead_b, serial_undead_a, serial_undead_c, serial_undead_e,
          minmay_misc_feat_nine_boxes
D:6:      minmay_fountain_box
D:8:      nicolae_ossuary_entry_false_entrances, uniq_psyche
D:9:      gammafunk_temple_overflow_pools, uniq_prince_ribbit1
D:10:     erik_lair_orcish_takeover, uniq_joseph
D:11:     serial_ice, serial_ice_o, serial_ice_a, serial_ice_k, serial_ice_h,
          grunt_ogre_cave, nicolae_dithmenos_the_darkroom
D:12:     david_orc_5, serial_shops, shop, nicolae_sextant
Lair:1:   minmay_holes, beast_lair_carwin_5, minmay_lair_oklob_chamber,
          grunt_megastairs_1
Orc:1:    basic_altar, roderic_batcave, bloody_makhleb
Orc:2:    st_orc_ogre_mass, nicolae_orc_stony_grotto
